 Dungeon Crawl Stone Soup version 0.28.0-49-g6dfe1f597d (webtiles) character file.

Game seed: 6957345980828090651

981 Zeld the Chiller (level 8, -1/67 HPs)
             Began as a Ghoul Ice Elementalist on May 16, 2022.
             Was an Initiate of Vehumet.
             Slain by a wight
             ... wielding a +0 halberd
              (8 damage)
             ... on level 6 of the Dungeon.
             The game lasted 00:09:19 (7349 turns).

Zeld the Chiller (Ghoul Ice Elementalist)           Turns: 7349, Time: 00:09:19

Health: -1/67      AC:  5    Str: 12      XL:     8   Next: 17%
Magic:  1/13       EV: 12    Int: 11 (12) God:    Vehumet [......]
Gold:   185        SH:  0    Dex:  8 (9)  Spells: 4/15 levels left

rFire   . . .      SeeInvis .   r - +1 mace (freeze)
rCold   + . .      Faith    .   (no shield)
rNeg    + + +      Spirit   .   a - +0 robe
rPois   ∞          Reflect  .   g - +0 helmet
rElec   .          Harm     .   (no cloak)
rCorr   .          Rampage  .   c - +1 pair of gloves
Will    .....                   (no boots)
Stlth   ++........              (no amulet)
HPRegen 0.00/turn               n - ring of willpower
MPRegen 0.13/turn               (no ring)

@: weak-willed, inhibited regen
A: claws 1, cold resistance 1, negative energy resistance 3, inhibited
regeneration, torment resistance 2
a: Renounce Religion


You were on level 6 of the Dungeon.
You worshipped Vehumet.
Vehumet was noncommittal.
You visited 2 branches of the dungeon, and saw 7 of its levels.

You collected 185 gold pieces.

Inventory:

Hand Weapons
 r - a +1 mace of freezing (weapon)
Armour
 a - a +0 robe (worn)
 c - a +1 pair of gloves (worn)
 g - a +0 helmet (worn)
Jewellery
 n - a ring of willpower (left hand)
Wands
 t - a wand of flame (19)
Scrolls
 b - a scroll of enchant armour
 j - a scroll of summoning {unknown}
 o - a scroll of holy word {unknown}
 q - 3 scrolls of identify {unknown}
 s - a scroll of enchant weapon {unknown}
 u - a scroll of fog {unknown}
Potions
 h - a potion of brilliance {unknown}
 i - a potion of heal wounds {unknown}
 l - 2 potions of mutation
 m - a potion of haste {unknown}
 p - a potion of lignification {unknown}


   Skills:
 * Level 4.7 Fighting
 + Level 3.4 Dodging
 + Level 4.3 Stealth
 * Level 4.1 Spellcasting
 * Level 6.7 Ice Magic


You had 4 spell levels left.
You knew the following spells:

 Your Spells              Type           Power      Damage    Failure   Level
a - Freeze                Ice            68%        1d8       1%          1
b - Frozen Ramparts       Ice            34%        1d5       4%          3
c - Ozocubu's Armour      Ice            17%        N/A       4%          3
d - Hailstorm             Conj/Ice       9%         3d4       52%         4

Your spell library contained the following spells:

 Spells                   Type           Power      Damage    Failure   Level
 Magic Dart               Conj           8%         1d3       24%         1
 Sting                    Tmut/Pois      8%         1d3       24%         1
 Blink                    Tloc           4%         N/A       34%         2
 Poisonous Vapours        Pois/Air       4%         N/A       34%         2
 Searing Ray              Conj           4%         2d4       34%         2
 Lesser Beckoning         Tloc           2%         N/A       56%         3
 Fulminant Prism          Conj/Hex       1%         3d6       93%         4
 Olgreb's Toxic Radiance  Pois           2%         N/A       93%         4
 Freezing Cloud           Conj/Ice/Air   3%         6-21      95%         5
 Manifold Assault         Tloc           2%         N/A       100%        5
 Conjure Ball Lightning   Conj/Air       1%         3x3d6     100%        6
 Simulacrum               Ice/Necr       4%         N/A       100%        6
 Summon Hydra             Summ           1%         N/A       100%        7
 Discord                  Hex            1%         N/A       100%        8
 Disjunction              Tloc           1%         N/A       100%        8
 Chain Lightning          Conj/Air       1%         3d1       100%        9
 Fire Storm               Conj/Fire      1%         7d1       100%        9
 Polar Vortex             Ice            8%         N/A       100%        9
 Shatter                  Erth           1%         3d5*      100%        9
 Sublimation of Blood     Necr           Unusable   N/A       N/A         2
 Wereblood                Tmut           Unusable   N/A       N/A         2

Dungeon Overview and Level Annotations

Branches:
Dungeon (6/15)             Temple (1/1) D:5

Altars:
Ashenzari
Cheibriados
Dithmenos
Elyvilon
Fedhas
Gozag
Hepliaklqana
Kikubaaqudgha
Nemelex Xobeh
Okawaru
Qazlal
Ru
Sif Muna
Trog
Uskayaw
Vehumet
Wu Jian
Xom
Yredelemnul
Zin
The Shining One

Shops:
D:2 [   D:3 :


Innate Abilities, Weirdness & Mutations

You thrive by killing the living.
You are immune to poison.
You have sharp fingernails.
Your flesh is cold resistant. (rC+)
You are immune to negative energy. (rN+++)
You do not regenerate when monsters are visible.
You are immune to unholy pain and torment.


Message History

The wight barely misses you. The elf skeleton hits you.
* * * LOW HITPOINT WARNING * * *
Unknown command.
It was a potion of curing.
You feel better. The wight misses you. The elf skeleton closely misses you.
It was a potion of mutation.
You feel extremely strange.
Your body decomposes!
You feel clumsy.
Your body decomposes!
You feel dopey. The wight misses you. The elf skeleton hits you.
* * * LOW HITPOINT WARNING * * *
You feel better. The wight closely misses you.
Unknown command.
You feel better. The elf skeleton barely misses you.
The wight barely misses you.
Your magical contamination has completely faded away.
Unknown command.
Okay, then.
As you read the scroll labelled BUCVIS FE JARPH, it crumbles to dust.
It is a scroll of enchant armour.
Your +0 pair of gloves glows green for a moment.
The wight barely misses you. The elf skeleton hits you.
* * * LOW HITPOINT WARNING * * *
As you read the scroll labelled CILEFE UGAI, it crumbles to dust.
Magic quickly surges around you.
It was a scroll of vulnerability.
The wight barely misses you.
The elf skeleton hits you but does no damage.
As you read the scroll labelled NYKHLO WIDU VYZ, it crumbles to dust.
It is a scroll of brand weapon.
Your +1 mace of draining is covered with a thin layer of ice!
r - a +1 mace of freezing (weapon)
The wight hits you from afar with a +0 halberd!
* * * LOW HITPOINT WARNING * * *
The elf skeleton barely misses you.
Unknown command.
As you read the scroll labelled XISAIFI ZOADU, it crumbles to dust.
You feel a surge of unholy energy.
It was a scroll of torment.
The wight hits you from afar with a +0 halberd!
You die...

..# .# ..
# ##. ...
# #c..#
#.#. #..
##.#####+#
#.zz)@Z..#
#.<#######
#.......#
##.#..#.#
...#..#.#
.... ....
. ...
.#### ##
... . #


You could see 2 wights and an elf skeleton (weak-willed).

Vanquished Creatures
  An ice beast (D:5)
  A black bear (D:4)
  2 ogres
  A centaur (D:6)
  A kobold brigand (D:4)
  A water moccasin zombie (D:5)
  A howler monkey (D:5)
  2 hounds
  A jelly (D:5)
  2 centaur skeletons (D:5)
  2 orc wizards (D:3)
  A killer bee zombie (D:5)
  7 adders
  A shadow imp (D:5)
  2 ufetubi
  A worm (D:2)
  3 dart slugs
  12 orcs (D:3)
  5 endoplasms
  3 giant cockroaches
  5 goblins
  4 hobgoblins
  4 jackals (D:4)
  4 kobolds
  7 quokkas
  2 ball pythons
  4 bats
  3 frilled lizards
  4 rats
87 creatures vanquished.

Notes
Turn   | Place    | Note
-------+----------+-------------------------------------------
     0 | D:1      | Zeld the Ghoul Ice Elementalist began the quest for the
                  | Orb.
     0 | D:1      | Reached XP level 1. HP: 14/14 MP: 2/2
   247 | D:1      | Reached XP level 2. HP: 22/22 MP: 1/3
   850 | D:2      | Reached skill level 1 in Fighting
   850 | D:2      | Reached XP level 3. HP: 27/28 MP: 2/5
   860 | D:2      | Learned a level 3 spell: Frozen Ramparts
   909 | D:2      | Found Alunioz's Armour Boutique.
  1919 | D:2      | Reached XP level 4. HP: 21/36 MP: 0/6
  1935 | D:2      | Learned a level 3 spell: Ozocubu's Armour
  2591 | D:3      | Reached skill level 5 in Ice Magic
  2721 | D:3      | Found Luaptil's Book Shop.
  2765 | D:3      | Reached XP level 5. HP: 41/41 MP: 3/7
  3624 | D:3      | Found a hazy altar of Hepliaklqana.
  3628 | D:3      | Found a blossoming altar of Fedhas.
  3642 | D:3      | Found a snail-covered altar of Cheibriados.
  3925 | D:4      | Noticed an ogre
  3943 | D:4      | Killed an ogre
  3944 | D:4      | Reached XP level 6. HP: 51/51 MP: 0/9
  4041 | D:4      | Noticed a black bear
  4047 | D:4      | Learned a level 4 spell: Hailstorm
  4051 | D:4      | Killed a black bear
  4517 | D:5      | Entered Level 5 of the Dungeon
  4517 | D:5      | Noticed an ice beast
  4789 | D:5      | Killed an ice beast
  4790 | D:5      | Reached XP level 7. HP: 23/57 MP: 6/11
  4980 | D:5      | Found a staircase to the Ecumenical Temple.
  4994 | Temple   | Entered the Ecumenical Temple
  5222 | Temple   | Became a worshipper of Vehumet
  5792 | D:5      | Reached skill level 6 in Ice Magic
  7283 | D:6      | Reached XP level 8. HP: 42/67 MP: 6/13
  7341 | D:6      | HP: 3/67 [elf skeleton (6)]
  7349 | D:6      | Slain by a wight

Illustrated notes

Levels and vault maps discovered:
D:1:      dpeg_arrival_houses_and_road, layout_rooms, minmay_misc_feat_five
D:2:      cheibrodos_helix_gallery, layout_loops_corners, serial_shops,
          nicolae_shop_advertising_works [nicolae_subvault_shop_adworks],
          grunt_ministairs_12, minmay_tree_intersection
D:3:      layout_loops_ring, grunt_temple_overflow_diamond, serial_shops,
          nicolae_shop_stone, minmay_statues_item
D:4:      layout_basic, bh_walls_and_bars
D:5:      layout_cave_pods, minmay_temple_entry_water_ring, minmay_circle_x
D:6:      layout_loops_cross, serial_shops, nicolae_shop_hallway_plus,
          nicolae_ossuary_entry_catacombs
Temple:   mainiacjoe_temple_coin_purse

Skill      XL: |  1  2  3  4  5  6  7 |
---------------+----------------------+-----
Spellcasting   | 2 3 4 |  4.1
Fighting       | 1 2 3 4 |  4.7
Dodging        | 2 3 |  3.4
Ice Magic      | 5 6 |  6.7
Stealth        | 3 4 |  4.3

Action                   |  1- 3 |  4- 6 |  7- 9 || total
-------------------------+-------+-------+-------++-------
Melee: Unarmed           |    51 |    28 |       ||    79
       Punch             |     1 |     2 |     1 ||     4
       Mace              |       |    24 |    73 ||    97
 Cast: Freeze            |    46 |    52 |    23 ||   121
       Frozen Ramparts   |     1 |     6 |     6 ||    13
       Ozocubu's Armour  |       |     3 |       ||     3
       Hailstorm         |       |       |     1 ||     1
Evoke: Wand              |       |       |     1 ||     1
  Use: Scroll            |       |       |     4 ||     4
       Potion            |       |       |     4 ||     4
 Stab: Sleeping          |     3 |     1 |     1 ||     5
Armor: Robe              |    33 |    47 |    57 ||   137
Dodge: Dodged            |    74 |    63 |   148 ||   285
